 Dungeon Crawl Stone Soup version 0.22.0-49-gab54619674 (webtiles) character file.

134 JedernureinKreuz the Conjurer (level 4, -10/24 HPs)
             Began as a Deep Elf Conjurer on Sept 7, 2018.
             Mangled by an ogre
             ... wielding the +5 dire flail of Theory {protect, MR+ Dex+4}
              (24 damage)
             ... on level 3 of the Dungeon.
             The game lasted 00:18:44 (2580 turns).

JedernureinKreuz the Conjurer (Deep Elf Conjurer)   Turns: 2580, Time: 00:18:44

Health: -10/24     AC:  5    Str:  5    XL:     4   Next: 95%
Magic:  5/11       EV: 13    Int: 21    God:
Gold:   210        SH:  4    Dex: 15    Spells: 9/10 levels left

rFire    . . .     SeeInvis .   f - +0 short sword
rCold    . . .     Gourm    .   n - +0 buckler
rNeg     . . .     Faith    .   a - +0 robe
rPois    .         Spirit   .   h - +0 helmet
rElec    .         Reflect  .   o - +0 cloak
rCorr    .         Harm     .   d - +0 pair of gloves
MR       .....                  (no boots)
Stlth    ++........             (no amulet)
HPRegen  0.08/turn              (no ring)
MPRegen  0.12/turn              (no ring)

@: very slightly contaminated
A: no striking features
a: no special abilities


You were on level 3 of the Dungeon.
You were not hungry.

You visited 1 branch of the dungeon, and saw 3 of its levels.

You collected 210 gold pieces.

Inventory:

Hand Weapons
 f - a +0 short sword (weapon)
 u - a +2 hunting sling of freezing
Missiles
 t - 6 tomahawks (quivered)
Armour
 a - a +0 robe (worn)
 d - a +0 pair of gloves (worn)
 h - a +0 helmet (worn)
 n - a +0 buckler (worn)
 o - a +0 cloak (worn)
Jewellery
 r - an uncursed ring of protection from magic {unknown}
Wands
 e - a wand of polymorph (32)
Scrolls
 b - 2 scrolls of remove curse
 g - a scroll of fear {unknown}
 i - a scroll of noise {unknown}
 j - 2 scrolls of amnesia {unknown}
 m - 4 scrolls of identify
 q - 3 scrolls of teleportation {unknown}
Potions
 l - 2 potions of curing
 p - 2 potions of ambrosia
 s - a potion of heal wounds {unknown}
Comestibles
 c - 4 rations
 k - 4 chunks of flesh


   Skills:
 + Level 1.4 Short Blades
 + Level 3.2 Dodging
 + Level 3.4 Stealth
 + Level 0.7 Shields
 + Level 3.7 Spellcasting
 + Level 5.4 Conjurations


You had 9 spell levels left.
You knew the following spells:

 Your Spells              Type           Power        Failure   Level  Hunger
a - Magic Dart            Conj           ####         1%          1    None

Your spell library contained the following spells:

 Spells                   Type           Power        Failure   Level  Hunger
 Searing Ray              Conj           ####..       3%          2    ##.....
 Dazzling Spray           Conj/Hex       ###...       19%         3    ###....
 Iskenderun's Mystic Bla  Conj           ####....     21%         4    ####...
 Force Lance              Conj/Tloc      ###.....     52%         4    ####...
 Fulminant Prism          Conj/Hex       ###.......   52%         4    ####...


Dungeon Overview and Level Annotations

Branches:
Dungeon (3/15)

Altars:
Kikubaaqudgha

Annotations:
D:3 1 transporter, brittlin's ghost, amateur HOFi


Message History

The ogre is lightly wounded.
You block the ogre's attack.
Casting: Magic Dart (safe; 1% risk of failure)
Confirm with . or Enter, or press ? or * to list all spells.
Aiming: Magic Dart (safe; 1% risk of failure)
Press: ? - help, Shift-Dir - straight line, f - ogre
Aim: an ogre, wielding a fine dire flail {protect} (lightly wounded)
The magic dart hits the ogre.
The ogre is moderately wounded.
The ogre hits you with a fine dire flail {protect}.
Casting: Magic Dart (safe; 1% risk of failure)
Confirm with . or Enter, or press ? or * to list all spells.
Aiming: Magic Dart (safe; 1% risk of failure)
Press: ? - help, Shift-Dir - straight line, f/p - ogre
Aim: an ogre, wielding a fine dire flail {protect} (moderately wounded)
The magic dart hits the ogre.
The ogre is moderately wounded.
The ogre hits you with a fine dire flail {protect}!!
Ouch! That really hurt!
You die...

#.# ######################## #.#
#....................... #.#
#.###################### #.#
#####)###### #..... #.#
#(.........# #..... #.#
#..........# #### #..... #.#
#.......########.# #..... #.#
#.......#.....©#.# #..... #.#
#.......#.#@.#.#.# #..... #.#
#....(..#OO##..#.# #.....
#.########'###.W##..#.## ######
#>...........#.#..#.#©.##########
...........###©....$#...........#
#.########...#.#..#$#©...........
#............#..##..#............
##########...#..##..#............
#...#.#..#.#............


You could see 2 ogres and brittlin's ghost.

Vanquished Creatures
  6 adders
  An ooze (D:1)
  A worm (D:2)
  2 dart slugs
  2 leopard geckos
  An orc (D:3)
  8 bats
  2 bat zombies (D:2)
  4 giant cockroaches
  7 hobgoblins
  4 jackals (D:3)
  5 kobolds
  3 quokkas (D:2)
  5 frilled lizards
  7 goblins
  6 rats
  3 rat zombies (D:2)
67 creatures vanquished.

Notes
Turn   | Place    | Note
-------+----------+-------------------------------------------
     0 | D:1      | JedernureinKreuz the Deep Elf Conjurer began the quest for
                  | the Orb.
     0 | D:1      | Reached XP level 1. HP: 10/10 MP: 6/6
   161 | D:1      | Reached XP level 2. HP: 15/15 MP: 0/8
   442 | D:1      | Reached skill level 5 in Conjurations
   608 | D:2      | Reached XP level 3. HP: 19/19 MP: 5/9
   977 | D:2      | Found an ancient bone altar of Kikubaaqudgha.
  1096 | D:2      | Reached skill level 1 in Short Blades
  1396 | D:2      | Reached XP level 4. HP: 24/24 MP: 4/11
  1964 | D:3      | Found a transporter.
  1965 | D:3      | Noticed an ogre
  1965 | D:3      | Noticed brittlin's ghost (amateur HOFi)
  1967 | D:3      | Noticed an ogre
  1967 | D:3      | Noticed an ogre
  1971 | D:3      | Found a transporter.
  2580 | D:3      | Identified the +5 dire flail of Theory {protect, MR+ Dex+4}
  2580 | D:3      | Mangled by an ogre

Skill      XL: |  1  2  3  4 |
---------------+-------------+-----
Conjurations   | 5 |  5.4
Stealth        | 3 |  3.4
Short Blades   | 1 |  1.4
Dodging        | 3 |  3.2
Shields        | |  0.7
Spellcasting   | |  3.7

Action                   |  1- 3 |  4- 6 || total
-------------------------+-------+-------++-------
Melee: Short sword       |    20 |    20 ||    40
 Cast: Magic Dart        |    66 |    63 ||   129
  Use: Scroll            |     2 |     1 ||     3
  Eat: Chunk             |     1 |     4 ||     5
Armor: Robe              |    14 |    13 ||    27
Dodge: Dodged            |    14 |    42 ||    56
Block: Buckler           |     6 |    14 ||    20
